 Dungeon Crawl Stone Soup version 0.30.1-4-g462c640d31 (webtiles) character file.

Game seed: 14874496897423998378

3336 dergon the Firebug (level 9, -9/72 HPs)
             Began as a Red Draconian Fire Elementalist on Sept 8, 2023.
             Was a Believer of Makhleb.
             Mangled by a vault guard
             ... wielding a +0 broad axe
              (22 damage)
             ... in a bailey.
             The game lasted 00:58:06 (7129 turns).

dergon the Firebug (DrFE)                           Turns: 7129, Time: 00:58:07

Health: -9/72      AC: 11    Str: 10    XL:     9   Next: 72%
Magic:  3/18       EV: 13    Int: 21    God:    Makhleb [**....]
Gold:   277        SH:  0    Dex: 11    Spells: 14/20 levels left

rFire   + . .        g - +0 dagger (flame)
rCold   . . .        (no shield)
rNeg    . . .        (body armour unavailable)
rPois   .            (helmet restricted)
rElec   .            (no cloak)
rCorr   .            (no gloves)
SInv    .            (no boots)
Will    .....        h - amulet of regeneration
Stlth   ++           j - +4 ring of protection
HPRegen 1.12/turn    p - ring of flight
MPRegen 0.16/turn

%: no passive effects
@: flying
A: breathe fire, AC +7, unfitting armour, fire resistance 1, cold-blooded
a: Breathe Fire, Renounce Religion, Minor Destruction


You were in a bailey.
You worshipped Makhleb.
Makhleb was pleased with you.
You visited 1 branch of the dungeon, and saw 7 of its levels.
You also visited: Bailey.

You collected 277 gold pieces.

Inventory:

Hand Weapons
 g - a +0 dagger of flaming (weapon)
Missiles
 m - 6 curare-tipped darts (quivered)
Jewellery
 c - a ring of positive energy
 h - an amulet of regeneration (around neck)
 j - a +4 ring of protection (left hand)
 n - a ring of positive energy
 p - a ring of flight (right hand)
Wands
 b - a wand of paralysis (21)
 e - a wand of iceblast (12)
 s - a wand of flame (2)
Scrolls
 d - 2 scrolls of amnesia
 f - a scroll of noise
 r - a scroll of enchant weapon {unknown}
 t - a scroll of identify
Potions
 i - a potion of mutation {unknown}
 k - a potion of brilliance {unknown}
 l - 3 potions of attraction
 o - 3 potions of flight {unknown}


   Skills:
 + Level 4.5 Fighting
 + Level 3.9 Short Blades
 + Level 2.0 Throwing
 + Level 5.7 Dodging
 + Level 3.7 Stealth
 + Level 0.7 Unarmed Combat
 + Level 6.1 Spellcasting
 + Level 3.1 Conjurations
 + Level 2.8 Translocations
 + Level 7.9 Fire Magic
 + Level 0.2 Invocations
 + Level 1.6 Evocations


You had 14 spell levels left.
You knew the following spells:

 Your Spells              Type           Power      Damage    Failure   Level
a - Foxfire               Conj/Fire      100%       2x1d9     1%          1
b - Scorch                Fire           78%        2d8       1%          2
c - Volatile Blastmotes   Fire/Tloc      58%        2d14      3%          3

Your spell library contained the following spells:

 Spells                   Type           Power      Damage    Failure   Level
 Blink                    Tloc           36%        N/A       4%          2
 Lesser Beckoning         Tloc           36%        N/A       4%          2
 Momentum Strike          Conj/Tloc      36%        3d9       4%          2
 Inner Flame              Hex/Fire       23%        N/A       6%          3
 Flame Wave               Conj/Fire      29%        2d9       10%         4
 Manifold Assault         Tloc           18%        N/A       30%         4
 Summon Forest            Summ/Tloc      6%         N/A       83%         5
 Yara's Violent Unravell  Hex/Tmut       3%         3d4       95%         5
 Eringya's Noxious Bog    Tmut/Pois      3%         N/A       100%        6
 Enfeeble                 Hex            3%         N/A       100%        7
 Storm Form               Tmut/Air       3%         N/A       100%        7
 Summon Hydra             Summ           3%         N/A       100%        7


Dungeon Overview and Level Annotations

Branches:
Dungeon (7/15)             Temple (0/1) D:7          Bailey (1/1)

Altars:
Ashenzari
Elyvilon
Gozag
Makhleb
Ru
Vehumet

Shops:
D:6 *(

Annotations:
D:3 2 runed translucent doors
D:7 Joseph


Innate Abilities, Weirdness & Mutations

You can breathe blasts of fire.
Your fiery red scales are hard. (AC +7)
You cannot fit into any form of body armour.
Your flesh is heat resistant. (rF+)
You are cold-blooded and may be slowed by cold attacks.


Message History

a +0 hand axe; a +0 leather armour; a hobgoblin skeleton
Casting: Foxfire (safe; 1% risk of failure)
Confirm with . or Enter, or press ? or * to list all spells.
A cloud of volatile blastmotes flares up around you!
The vault guard hits you with a +0 broad axe!!
The cloud of blastmotes explodes!
The concussive blast engulfs the vault guard!
The vault guard is lightly wounded.
The concussive blast engulfs you! You resist.
You are knocked back by the blast.
There is a gate leading back out of this place here.
Casting: Volatile Blastmotes (dangerous; 3% risk of failure)
Confirm with . or Enter, or press ? or * to list all spells.
A cloud of volatile blastmotes flares up around you!
The cloud of blastmotes explodes!
The concussive blast engulfs the vault guard!!
The vault guard is heavily wounded.
The concussive blast engulfs you! You resist.
You are knocked back by the blast.
Casting: Volatile Blastmotes (dangerous; 3% risk of failure)
Confirm with . or Enter, or press ? or * to list all spells.
Flames lash the vault guard.
The vault guard is heavily wounded.
The vault guard's fire resistance burns away.
The vault guard barely misses you.
The vault guard hits you with a +0 broad axe!
* * * LOW HITPOINT WARNING * * *
The vault guard is no longer more vulnerable to fire.
The vault guard hits you but does no damage.
You see here a bullfrog skeleton.
The vault guard hits you with a +0 broad axe!
* * * LOW HITPOINT WARNING * * *
There is a gate leading back out of this place here.
Things that are here:
a +0 hand axe; a +0 leather armour; an orc skeleton
Casting: Scorch (safe; 1% risk of failure)
Confirm with . or Enter, or press ? or * to list all spells.
A cloud of volatile blastmotes flares up around you!
The vault guard hits you with a +0 broad axe!!
You die...

##### ##...##
#.÷)..# #.p)∩.#
######.@†..#
##....##)..##
##.††...#'#'#
#..).#....#~~~~~#
#..####.).#~~~~~#
#.....#...#~~~~~#
#.....#...##~~~##
###'###..## #+##
~p.≈#..'


You could see a vault guard.

Vanquished Creatures
  Grinder (D:3)
  Prince Ribbit (Bailey)
  5 humans (Bailey)
  A water moccasin (D:7)
  A sky beast (D:6)
  A centaur (D:6)
  An ogre (D:5)
  4 phantoms
  3 kobold brigands
  8 bullfrogs
  A scorpion (D:4)
  A howler monkey (D:4)
  An orc priest (D:7)
  3 hounds
  3 jellies
  2 sleepcaps (D:6)
  An iguana (D:7)
  4 orc wizards
  Robin (D:2)
  5 adders
  2 shadow imps
  A white imp (D:6)
  An ufetubus (D:4)
  2 dart slugs
  9 orcs
  8 ball pythons
  4 bats
  6 endoplasms
  3 giant cockroaches
  12 goblins
  6 hobgoblins
  6 jackals
  3 quokkas
  3 frilled lizards
  20 kobolds
  4 rats
138 creatures vanquished.

Vanquished Creatures (others)
  The ghost of sheffield53 the Gusty, a novice DEAE (D:6)
  A gnoll bouda (D:6)
  An orc priest (D:6)
  A sleepcap (D:6)
  2 orc wizards (D:6)
  202 foxfires
208 creatures vanquished.

Grand Total: 346 creatures vanquished

Notes
Turn   | Place    | Note
-------+----------+-------------------------------------------
     0 | D:1      | dergon the Draconian Fire Elementalist began the quest for
                  | the Orb.
     0 | D:1      | Reached XP level 1. HP: 14/14 MP: 3/3
   214 | D:1      | Reached XP level 2. HP: 3/20 MP: 3/5
   401 | D:1      | Learned a level 2 spell: Scorch
   855 | D:2      | Reached XP level 3. HP: 21/26 MP: 6/6
  1060 | D:2      | Reached skill level 1 in Throwing
  1401 | D:2      | Noticed Robin
  1427 | D:2      | Killed Robin
  1436 | D:2      | Reached XP level 4. HP: 33/33 MP: 2/7
  2362 | D:3      | Noticed Grinder
  2382 | D:3      | Paralysed by Grinder for 4 turns
  2432 | D:3      | Paralysed by Grinder for 3 turns
  2435 | D:3      | Killed Grinder
  2436 | D:3      | Reached skill level 1 in Fighting
  2436 | D:3      | Reached XP level 5. HP: 23/40 MP: 3/8
  2436 | D:3      | Reached XP level 6. HP: 27/47 MP: 3/9
  2445 | D:3      | Found a runed translucent gate.
  2445 | D:3      | Found a runed translucent gate.
  2451 | D:3      | Found a burning altar of Makhleb.
  2458 | D:3      | Noticed a balrug
  2463 | D:3      | Noticed a hellwing
  2463 | D:3      | Noticed a hellwing
  2474 | D:3      | Became a worshipper of Makhleb the Destroyer
  2843 | D:3      | Found a sacrificial altar of Ru.
  3481 | D:4      | Learned a level 3 spell: Volatile Blastmotes
  3538 | D:4      | Reached skill level 4 in Fire Magic
  3927 | D:5      | Entered Level 5 of the Dungeon
  3967 | D:5      | Your scales start taking on a fiery red colour.
  3967 | D:5      | Reached skill level 5 in Fire Magic
  3967 | D:5      | Reached XP level 7. HP: 45/55 MP: 6/11
  3967 | D:5      | Gained mutation: Your flesh is heat resistant. (rF+) [Red
                  | Draconian growth]
  4034 | D:5      | Found a white marble altar of Elyvilon.
  4264 | D:5      | Found a radiant altar of Vehumet.
  4363 | D:5      | Found an opulent altar of Gozag.
  4816 | D:5      | Found a broken altar of Ashenzari.
  5075 | D:6      | Reached * piety under Makhleb
  5180 | D:6      | Reached XP level 8. HP: 56/63 MP: 4/13
  5227 | D:6      | Found Xuorast's Assorted Antiques.
  5384 | D:6      | Noticed sheffield53's ghost (novice DEAE)
  5398 | D:6      | Found a runed translucent gate.
  5398 | D:6      | Found a runed translucent gate.
  5400 | D:6      | Found a runed translucent gate.
  5445 | D:6      | Killed sheffield53's ghost
  5446 | D:6      | Reached skill level 1 in Translocations
  5446 | D:6      | Reached skill level 6 in Fire Magic
  5473 | D:6      | Found Huil's Antique Weapon Shop.
  6066 | D:7      | Found a staircase to the Ecumenical Temple.
  6251 | D:7      | Reached skill level 5 in Spellcasting
  6414 | D:7      | Reached skill level 1 in Evocations
  6421 | D:7      | Reached XP level 9. HP: 71/71 MP: 4/16
  6518 | D:7      | Found a flagged portal.
  6531 | D:7      | Reached skill level 5 in Dodging
  6558 | D:7      | Noticed Joseph
  6567 | D:7      | HP: 1/71 [Joseph/iceblast (18)]
  6569 | Bailey   | Entered a bailey
  6695 | Bailey   | Reached ** piety under Makhleb
  6711 | Bailey   | Reached skill level 7 in Fire Magic
  7074 | Bailey   | Noticed Prince Ribbit
  7075 | Bailey   | Noticed a vault guard
  7091 | Bailey   | Killed Prince Ribbit
  7129 | Bailey   | Mangled by a vault guard

Illustrated notes

Levels and vault maps discovered:
D:1:      wander_arrival_abandoned_jail, layout_loops_ring, serial_bayou,
          serial_bayou_shore_a, serial_bayou_pond_d, serial_bayou_crossing,
          serial_bayou_shore_b, serial_bayou_lagoon_a, nicolae_titane
D:2:      layout_basic, uniq_robin, uniq_sigmund
D:3:      cheibrodos_old_hovel, layout_loops_ring, makhleb_altar_promises_db,
          nicolae_ru_awakened_eye, gammafunk_ghost_necromancy, serial_forest,
          infiniplex_forest_zigzag_1, infiniplex_forest_3_way,
          infiniplex_forest_side_room, infiniplex_forest_lined_1,
          infiniplex_forest_lined_2, infiniplex_forest_corner_1,
          solitary_fountain, uniq_grinder
D:4:      layout_gridville, grunt_decor_one_mirror
D:5:      layout_basic, grunt_gozag_breadcrumbs, nicolae_elyvilon_temple_path,
          nicolae_vehumet_altar_sigil, nicolae_overflow_crystal_walls,
          serial_bayou_pond_e
D:6:      layout_cave_pods, overflow_temple_1_default, serial_shops,
          nicolae_shop_dealshenge, nicolae_diamond_shop, shop_fountains,
          gammafunk_ghost_split
D:7:      layout_loops_ring, minmay_temple_entry_overgrown, enter_bailey_1,
          uniq_joseph
Bailey:   bailey_axe_froggy_fort_hellmonk, bailey

Skill      XL: |  1  2  3  4  5  6  7  8  9 |
---------------+----------------------------+-----
Dodging        | 2 3 4 5 |  5.7
Throwing       | 1 2 |  2.0
Fighting       | 1 2 3 4 |  4.5
Short Blades   | 2 3 |  3.9
Stealth        | 2 3 |  3.7
Fire Magic     | 5 6 7 |  7.9
Conjurations   | 2 3 |  3.1
Spellcasting   | 3 5 6 |  6.1
Translocations | 1 2 |  2.8
Evocations     | 1 |  1.6
Unarmed Combat | |  0.7
Invocations    | |  0.2

Action                     |  1- 3 |  4- 6 |  7- 9 || total
---------------------------+-------+-------+-------++-------
  Melee: Unarmed           |    74 |       |       ||    74
         Tailslap          |    13 |   215 |    53 ||   281
         Dagger            |    41 |   862 |   389 ||  1292
         Punch             |       |    21 |     4 ||    25
  Throw: Dart              |    33 |     3 |       ||    36
   Cast: Foxfire           |    19 |    33 |    62 ||   114
         Scorch            |     4 |     5 |    25 ||    34
         Volatile Blastmot |       |       |    27 ||    27
 Invoke: Minor Destruction |       |       |     1 ||     1
Ability: Breathe Fire      |       |       |     3 ||     3
  Evoke: Wand              |       |       |     8 ||     8
    Use: Potion            |     1 |     1 |     4 ||     6
         Scroll            |     4 |     1 |     6 ||    11
   Stab: Sleeping          |     1 |     2 |       ||     3
 Armour: Skin              |    64 |    57 |   230 ||   351
  Dodge: Dodged            |    99 |    89 |   286 ||   474
